 Dungeon Crawl Stone Soup version 0.28-a0-1074-g3cb2360906 (webtiles) character file.

Game seed: 11094005320672244919

30 Ic0nGaming the Covered (level 3, 33/33 HPs)
             Began as a Minotaur Fighter on Dec 8, 2021.
             Quit the game on level 2 of the Dungeon on Dec 9, 2021.
             The game lasted 00:21:28 (923 turns).

Ic0nGaming the Covered (Minotaur Fighter)            Turns: 923, Time: 00:21:29

Health: 33/33      AC:  8    Str: 20    XL:     3   Next: 3%
Magic:  2/2        EV:  9    Int:  5    God:
Gold:   31         SH:  4    Dex: 11    Spells: 2/2 levels left

rFire   . . .      SeeInvis .   a - +0 war axe
rCold   . . .      Faith    .   c - +0 buckler
rNeg    . . .      Spirit   .   k - +1 scale mail {Will+}
rPois   .          Reflect  .   (helmet restricted)
rElec   .          Harm     .   j - scarf {repulsion}
rCorr   .          Rampage  .   (no gloves)
Will    +....                   (no boots)
Stlth   ..........              (no amulet)
HPRegen 0.11/turn               (no ring)
MPRegen 0.08/turn               (no ring)

@: repel missiles
A: horns 2, retaliatory headbutt
a: no special abilities


You were on level 2 of the Dungeon.
You visited 1 branch of the dungeon, and saw 2 of its levels.

You collected 31 gold pieces.

Inventory:

Hand Weapons
 a - a +0 war axe (weapon)
 g - a +1 hunting sling of flaming
Missiles
 e - 93 stones (quivered)
 m - 15 sling bullets
Armour
 b - a +0 scale mail
 c - a +0 buckler (worn)
 j - a scarf of repulsion (worn)
 k - a +1 scale mail of willpower (worn)
Potions
 d - a potion of might
 l - a potion of ambrosia


   Skills:
 + Level 4.0 Fighting
 + Level 3.0 Axes
 + Level 4.1 Armour
 + Level 4.0 Shields


You had 2 spell levels left.
You didn't know any spells.
Your spell library was empty.

Dungeon Overview and Level Annotations

Branches:
Dungeon (2/15)

Altars:


Innate Abilities, Weirdness & Mutations

You have a pair of horns on your head.
You reflexively headbutt those who attack you in melee.


Message History

a +0 club; a goblin corpse
Things that are here:
a +0 club; a goblin corpse
There is a stone staircase leading up here.
Search for what [? for help]?
Okay, then.
As you read the scroll labelled YWNEOKANOD, it crumbles to dust.
You feel strangely unstable.
It was a scroll of teleportation.
You climb upwards.
There is a stone staircase leading down here.
You start waiting.
Your surroundings suddenly seem different.
Things that are here:
a +0 dagger; a hobgoblin corpse
There is a stone staircase leading down here.
You see here a +0 dagger.
There is a stone staircase leading down here.
There is a stone staircase leading down here.
You climb downwards.
There is a stone staircase leading up here.
As you read the scroll labelled SIOZ JAXKISO, it crumbles to dust.
It is a scroll of identify.
l - a potion of ambrosia
As you read the scroll labelled DERYM PICUSTRO, it crumbles to dust.
You feel aware of your surroundings.
You sensed 1 altar.
It was a scroll of magic mapping.
As you read the scroll labelled QESHRU XUSHO, it crumbles to dust.
Wisps of shadow whirl around you...
It was a scroll of summoning.
Okay, then.
Search for what [? for help]?
Okay, then.
Okay, then.
Save game and exit?
Welcome back, Ic0nGaming the Minotaur Fighter.
Press ? for a list of commands and other information.
Save game and exit?
Okay, then.
You repel missiles.
Your movement speed is average.
Your attack delay is about 1.3.
Are you sure you want to abandon this character and quit the game? (Confirm with "yes".)

*,*****,* *,* *,,* *, ,,,,,**,*
*,* *,,**********, ,,,,,,,,*
****,***,,*,,,,,,<,,, ,,,,,****
*,,,,,,,,,*,********* ,,,,,*
*,**,,,,,,,,* ***,, ,,,,,*
#,*******,*** *,,,,
,,,,,*****###.#### *,#******,,,,
,,,,,,,,,,,..#.K.####.#..,,,,,,,,
**,*,*******#.##@.S......,,**,,,,
*,*,* #.B....#####**,**,,,, *,*,*
#..K)..#######.****,* *,*,*
#.........)....,,,,,* *,*,*
####......#######.***,,, *,*,*
#......†..# *,***,** *,*,*
#.#####.#.# *,,,,,** *,*,* #,*
#.#.# *,,,,,** *,*,* **,** #.#.#
*,,,,*,*


You could see a friendly giant cockroach (summoned), a friendly ball python
(summoned) and 2 friendly kobolds.

Vanquished Creatures
  2 endoplasms (D:1)
  A giant cockroach (D:1)
  3 goblins
  6 hobgoblins
  A quokka (D:1)
  A ball python (D:1)
  4 bats (D:1)
  2 frilled lizards (D:1)
  5 kobolds (D:1)
  3 rats (D:1)
28 creatures vanquished.

Notes
Turn   | Place    | Note
-------+----------+-------------------------------------------
     0 | D:1      | Ic0nGaming the Minotaur Fighter began the quest for the
                  | Orb.
     0 | D:1      | Reached XP level 1. HP: 19/19 MP: 0/0
   198 | D:1      | Reached XP level 2. HP: 27/27 MP: 1/1
   827 | D:2      | Reached XP level 3. HP: 33/33 MP: 2/2
   923 | D:2      | Upgraded the game from 0.28-a0-1038-g9c4cb8273d to
                  | 0.28-a0-1074-g3cb2360906
   923 | D:2      | Quit the game

Illustrated notes

Levels and vault maps discovered:
D:1:      ncdulo_lavacross, layout_loops_ring, minmay_indecisive_spiral
D:2:      layout_loops_ring, hellmonk_ecumenical_altar_slurped_away

Skill      XL: |  1  2 |
---------------+-------+-----
Armour         | 4 |  4.1
Shields        | 4 |  4.0
Fighting       | 4 |  4.0
Axes           | 3 |  3.0

Action                   || total
-------------------------++-------
Melee: War axe           ||    50
       Headbutt          ||    10
 Fire: Hunting sling     ||     3
Throw: Stone             ||     3
  Use: Scroll            ||     4
Armor: Scale mail        ||    24
Dodge: Dodged            ||    27
Block: Buckler           ||    12

Table legend: (Time is in decaauts)
 A = Elapsed time spent in this place.
 B = Non-inter-level travel time spent in this place.
 C = Inter-level travel time spent in this place.
 D = Time resting spent in this place.
 E = Time spent auto-exploring this place.
 F = Levels seen in this place.
 G = Mean time per level.
                   A        B        C        D        E       F      G
               +--------+--------+--------+--------+--------+-----+--------+
         Total |    941 |    888 |     53 |     41 |    269 |   2 |  470.5 |
       Dungeon |    941 |    888 |     53 |     41 |    269 |   2 |  470.5 |
               +--------+--------+--------+--------+--------+-----+--------+

Top non-repeatable levels by time:
     D:1: 910 daAuts
     D:2: 30 daAuts
